 Dungeon Crawl Stone Soup version 0.31-a0-303-gdc8c9485ea (webtiles) character file.

Game seed: 5147394587082911272

102 Hubjo the Cutter (level 4, -4/34 HPs)
             Began as a Demonspawn Reaver on July 16, 2023.
             Was an Initiate of Makhleb.
             Slain by an iguana (8 damage)
             ... on level 3 of the Dungeon.
             The game lasted 00:03:13 (2293 turns).

Hubjo the Cutter (Demonspawn Reaver)                Turns: 2293, Time: 00:03:13

Health: -4/34      AC:  3    Str: 12    XL:     4   Next: 49%
Magic:  8/8        EV: 12    Int: 17    God:    Makhleb [......]
Gold:   130        SH:  0    Dex: 13    Spells: 8/9 levels left

rFire   + . .        a - +0 short sword
rCold   + . .        (no shield)
rNeg    . . .        b - +0 leather armour
rPois   +            (helmet restricted)
rElec   +            (no cloak)
rCorr   +            (no gloves)
SInv    .            (no boots)
Will    .....        (no amulet)
Stlth   +            (no ring)
HPRegen 0.25/turn    (no ring)
MPRegen 0.11/turn

%: no passive effects
@: resistant
A: horns 1, foul stench 1, big brain 1
a: Renounce Religion


You were on level 3 of the Dungeon.
You worshipped Makhleb.
Makhleb was noncommittal.
You visited 1 branch of the dungeon, and saw 3 of its levels.

You collected 130 gold pieces.

Inventory:

Hand Weapons
 a - a +0 short sword (weapon)
Armour
 b - a +0 leather armour (worn)
Scrolls
 c - a scroll of enchant weapon {unknown}
 d - a scroll of amnesia {unknown}
 e - 2 scrolls of silence {unknown}
 f - 2 scrolls of blinking {unknown}
 g - 3 scrolls of noise {unknown}
 i - a scroll of butterflies {unknown}
Potions
 h - a potion of resistance


   Skills:
 + Level 2.7 Fighting
 + Level 3.2 Short Blades
 + Level 2.4 Dodging
 * Level 3.1 Spellcasting
 - Level 3.0 Conjurations


You had 8 spell levels left.
You knew the following spells:

 Your Spells              Type           Power      Damage    Failure   Level
a - Kiss of Death         Conj/Necr      28%        2d7       12%         1

Your spell library contained the following spells:

 Spells                   Type           Power      Damage    Failure   Level
 Magic Dart               Conj           48%        1d5       6%          1
 Searing Ray              Conj           24%        2d5       10%         2
 Momentum Strike          Conj/Tloc      14%        3d8       19%         2
 Hailstorm                Conj/Ice       7%         3d4       34%         3
 Fulminant Prism          Conj/Hex       3%         3d5       75%         4


Dungeon Overview and Level Annotations

Branches:
Dungeon (3/15)

Altars:
Makhleb


Innate Abilities, Weirdness & Mutations

You have a pair of small horns on your head.
You may rarely emit foul miasma when damaged in melee.
You have an unusually large brain. (Int +2)


Message History

The iguana misses you.
You closely miss the iguana.
The iguana is lightly wounded.
The iguana bites you! The iguana attacks as you move away!
The iguana bites you but does no damage.
You see here a scroll labelled YLIOGH AX SOEL.
It was a potion of resistance.
You feel protected. The iguana bites you.
You completely miss the iguana.
The iguana is lightly wounded.
The iguana misses you.
You hit the iguana.
The iguana is lightly wounded.
The iguana misses you.
You hit the iguana but do no damage.
You headbutt the iguana, but do no damage.
The iguana is lightly wounded.
You hit the iguana but do no damage.
The iguana is lightly wounded.
The iguana closely misses you.
You closely miss the iguana.
The iguana is lightly wounded.
The iguana bites you!
You closely miss the iguana. Your headbutt misses the iguana.
The iguana is lightly wounded.
The iguana barely misses you.
You hit the iguana but do no damage.
The iguana is lightly wounded.
The iguana closely misses you.
You hit the iguana but do no damage.
You headbutt the iguana, but do no damage.
The iguana is lightly wounded.
The iguana bites you!
* * * LOW HITPOINT WARNING * * *
You hit the iguana.
The iguana is moderately wounded.
The iguana bites you!
You die...

# .# ..#
#####...#
#@l.....#
##'##....#
##...##...#
##.....###.#
##.8(..8.##
.#
##.#.....#.##
#
#...8^..8...#
+...........+
#...8...8...#


You could see an iguana.

Vanquished Creatures
  4 adders
  A worm (D:2)
  2 dart slugs
  2 ball pythons (D:1)
  3 endoplasms
  6 giant cockroaches
  4 goblins
  4 hobgoblins
  4 jackals (D:2)
  4 kobolds
  3 quokkas
  7 bats
  4 frilled lizards
  7 rats (D:1)
55 creatures vanquished.

Notes
Turn   | Place    | Note
-------+----------+-------------------------------------------
     0 | D:1      | Hubjo the Demonspawn Reaver began the quest for the Orb.
     0 | D:1      | Reached XP level 1. HP: 16/16 MP: 3/3
   179 | D:1      | Gained mutation: You have a pair of small horns on your
                  | head. [demonic ancestry]
   179 | D:1      | Reached XP level 2. HP: 13/22 MP: 5/5
   495 | D:1      | Found a faded altar of an unknown god.
  1125 | D:2      | Gained mutation: You may rarely emit foul miasma when
                  | damaged in melee. [demonic ancestry]
  1125 | D:2      | Reached XP level 3. HP: 19/28 MP: 6/6
  1235 | D:2      | Found a burning altar of Makhleb.
  1307 | D:2      | Became a worshipper of Makhleb the Destroyer
  1724 | D:2      | Gained mutation: You have an unusually large brain. (Int
                  | +2) [demonic ancestry]
  1724 | D:2      | Reached XP level 4. HP: 34/34 MP: 8/8
  2293 | D:3      | Slain by an iguana

Illustrated notes

Levels and vault maps discovered:
D:1:      minmay_arrival_open_corners, layout_basic,
          shapermc_ecumenical_altar_petra
D:2:      layout_loops_ring, basic_altar, serial_glass, glass_columns_b,
          glass_columns_a, glass_columns_b, glass_columns_a
D:3:      layout_rooms, nicolae_wu_jian_wuxing_cycle,
          nicolae_overflow_crystal_walls, dk_noncrumbling_3, minmay_liquid_box

Skill      XL: |  1  2  3  4 |
---------------+-------------+-----
Dodging        | 2 |  2.4
Short Blades   | 3 |  3.2
Spellcasting   | 3 |  3.1
Fighting       | |  2.7
Conjurations   | |  3.0

Action                     |  1- 3 |  4- 6 || total
---------------------------+-------+-------++-------
  Melee: Short sword       |   213 |    53 ||   266
         Headbutt          |    24 |    13 ||    37
    Use: Potion            |     2 |     1 ||     3
         Scroll            |     1 |       ||     1
 Armour: Leather armour    |    61 |     6 ||    67
         Skin              |     7 |       ||     7
  Dodge: Dodged            |   106 |    30 ||   136

Table legend: (Time is in decaauts)
 A = Elapsed time spent in this place.
 B = Non-inter-level travel time spent in this place.
 C = Inter-level travel time spent in this place.
 D = Time resting spent in this place.
 E = Time spent auto-exploring this place.
 F = Levels seen in this place.
 G = Mean time per level.
                   A        B        C        D        E       F      G
               +--------+--------+--------+--------+--------+-----+--------+
         Total |   2252 |   2058 |    194 |      0 |   1628 |   3 |  750.7 |
       Dungeon |   2252 |   2058 |    194 |      0 |   1628 |   3 |  750.7 |
               +--------+--------+--------+--------+--------+-----+--------+

Top non-repeatable levels by time:
     D:1: 1077 daAuts
     D:2: 1035 daAuts
     D:3: 138 daAuts
